 Dungeon Crawl Stone Soup version 0.29-a0-234-g0dae59b3db (webtiles) character file.

Game seed: 7165924589508864294

1220 siradein the Reanimator (level 8, 0/48 (52) HPs)
             Began as a Vampire Necromancer on Mar 3, 2022.
             Slain by a mummy (8 damage)
             ... in an ossuary.
             The game lasted 00:15:12 (6110 turns).

siradein the Reanimator (Vampire Necromancer)       Turns: 6110, Time: 00:15:13

HP:   0/48 (52)     AC:  9    Str:  7    XL:     8   Next: 23%
MP:   0/18          EV: 11    Int: 20    God:
Gold: 253           SH:  0    Dex: 14    Spells: 12/20 levels left

rFire   . . .      SeeInvis +   C - +3 scimitar
rCold   . . .      Faith    .   (no shield)
rNeg    . . .      Spirit   +   f - +0 leather armour
rPois   .          Reflect  .   A - +2 hat
rElec   .          Harm     .   u - +1 cloak
rCorr   .          Rampage  .   g - +0 pair of gloves
Will    .....                   a - +0 pair of boots
Stlth   ++........              n - amulet of guardian spirit
HPRegen 0.36/turn               (no ring)
MPRegen 0.16/turn               (no ring)

@: marked, healing quickly, drained
A: alive, fangs 3, see invisible, vampiric 2
a: Exsanguinate


You were in an ossuary.
You visited 1 branch of the dungeon, and saw 7 of its levels.
You also visited: Ossuary.

You collected 253 gold pieces.

Inventory:

Hand Weapons
 s - a +0 scimitar
 B - a +2 great sword
 C - a +3 scimitar (weapon)
Armour
 a - a +0 pair of boots (worn)
 f - a +0 leather armour (worn)
 g - a +0 pair of gloves (worn)
 u - a +1 cloak (worn)
 v - an orb of guile
 A - a +2 hat (worn)
Magical Staves
 p - a staff of air
Jewellery
 n - an amulet of guardian spirit (around neck)
Wands
 i - a wand of polymorph (10)
 r - a wand of acid (8)
Scrolls
 b - a scroll of holy word {unknown}
 c - 3 scrolls of vulnerability {unknown}
 e - 2 scrolls of teleportation {unknown}
 h - 2 scrolls of noise {unknown}
 j - a scroll of fog {unknown}
 k - 2 scrolls of enchant weapon {unknown}
 l - 3 scrolls of identify {unknown}
 m - 2 scrolls of amnesia {unknown}
 o - 2 scrolls of magic mapping {unknown}
 w - a scroll of immolation {unknown}
 y - a scroll of enchant armour {unknown}
Potions
 d - 2 potions of haste {unknown}
 q - a potion of degeneration {unknown}
 t - a potion of mutation {unknown}
 x - a potion of attraction {unknown}
 z - 2 potions of curing {unknown}


   Skills:
 - Level 2.1 Dodging
 - Level 3.0 Stealth
 + Level 6.7 Spellcasting
 + Level 8.9 Necromancy


You had 12 spell levels left.
You knew the following spells:

 Your Spells              Type           Power      Damage    Failure   Level
a - Pain                  Necr           100%       1d9       1%          1
b - Vampiric Draining     Necr           42%        2d9       1%          3
c - Animate Dead          Necr           21%        N/A       3%          4

Your spell library contained the following spells:

 Spells                   Type           Power      Damage    Failure   Level
 Animate Skeleton         Necr           84%        N/A       1%          1
 Corpse Rot               Necr/Air       48%        N/A       3%          2
 Agony                    Necr           42%        N/A       11%         5
 Apportation              Tloc           12%        N/A       14%         1
 Summon Small Mammal      Summ           24%        N/A       14%         1
 Poisonous Vapours        Pois/Air       12%        N/A       22%         2
 Hailstorm                Conj/Ice       6%         3d4       82%         4
 Ice Form                 Ice/Tmut       6%         N/A       82%         4
 Simulacrum               Ice/Necr       12%        N/A       98%         6
 Freezing Cloud           Conj/Ice/Air   3%         6-21      99%         5
 Polar Vortex             Ice            3%         N/A       100%        9


Dungeon Overview and Level Annotations

Branches:
Dungeon (7/15)            Ossuary (1/1)
 Temple: D:4-7

Altars:
Nemelex Xobeh

Shops:
D:4 (

Annotations:
D:3 Grinder
D:6 1 runed translucent door, Crazy Yiuf


Innate Abilities, Weirdness & Mutations

Your natural rate of healing is accelerated.
You have razor-sharp teeth.
You have supernaturally acute eyesight. (SInv)
You are afflicted with vampirism and can become a bat while bloodless.


Message History

The centaur zombie hits you.
* * * LOW HITPOINT WARNING * * *
The centaur zombie barely misses you.
The centaur zombie fails to trigger a net trap.
The hobgoblin zombie sets off the alarm!
The alarm trap emits a blaring wail!
The mark upon you grows brighter.
The hobgoblin zombie hits you but does no damage.
The centaur zombie closely misses you.
The centaur zombie kicks you but does no damage.
You slash the hobgoblin zombie!
You destroy the hobgoblin zombie!
The centaur zombie hits you but does no damage.
The centaur zombie barely misses you.
A centaur zombie comes into view.
The hobgoblin zombie fails to trigger a net trap.
The centaur zombie enters a dispersal trap!
The hobgoblin zombie blinks! x2; The centaur zombie blinks! x2
The mummy blinks! x2; The hobgoblin zombie blinks! x2
The centaur zombie blinks!
You blink.
The centaur zombie blinks!
The hobgoblin zombie sets off the alarm!
The alarm trap emits a blaring wail!
The mark upon you grows brighter.
The centaur zombie enters a dispersal trap!
The hobgoblin zombie blinks! x2; The mummy blinks! x3
The centaur zombie blinks!
The hobgoblin zombie blinks!
The hobgoblin zombie enters a dispersal trap!
The centaur zombie blinks! x5; The hobgoblin zombie blinks!
The centaur zombie blinks! x3; The mummy blinks!
You blink. x2
The centaur zombie blinks!
You slash the mummy!
The mummy is severely damaged.
The mummy hits you.
* * * LOW HITPOINT WARNING * * *
You barely miss the mummy.
The mummy is severely damaged.
You barely miss the mummy.
The mummy is severely damaged.
The mummy hits you!
You die...

#### #
###########§#.#.#.
##...........^§§.^.
#...........^^...^^
#.....∩Z∩.^..§§§..^
#..M.MZ......§§§..^
##..@.ZZ....^...^..
###########.#.#§#.
#### #


You could see 2 mummies, a hobgoblin zombie and 3 centaur zombies.

Vanquished Creatures
  2 water moccasins
  An ice beast (D:6)
  A centaur (D:6)
  Blork the orc (D:5)
  3 scorpions
  2 wights (D:7)
  2 jellies
  3 hounds
  An orc priest (D:7)
  An iguana (D:6)
  2 orc wizards
  A mummy (Ossuary)
  4 gnolls (D:6)
  5 adders
  A white imp (D:6)
  An ufetubus (D:5)
  2 worms
  4 dart slugs
  16 orcs
  8 ball pythons
  7 endoplasms
  6 giant cockroaches
  8 goblins
  7 hobgoblins
  5 jackals (D:1)
  2 kobolds (D:1)
  2 quokkas
  4 bats (D:1)
  4 frilled lizards
  2 hobgoblin zombies (Ossuary)
  8 rats
116 creatures vanquished.

Notes
Turn   | Place    | Note
-------+----------+-------------------------------------------
     0 | D:1      | siradein the Vampire Necromancer began the quest for the
                  | Orb.
     0 | D:1      | Reached XP level 1. HP: 13/13 MP: 3/3
   182 | D:1      | Reached XP level 2. HP: 18/19 MP: 3/5
   651 | D:1      | Reached skill level 5 in Necromancy
   651 | D:1      | Gained mutation: You are afflicted with vampirism and can
                  | become a bat while bloodless. [Vampire growth]
   651 | D:1      | Reached XP level 3. HP: 22/24 MP: 4/7
   979 | D:1      | Learned a level 3 spell: Vampiric Draining
  1398 | D:2      | You fall into a shaft and drop 2 floors!
  1437 | D:3      | Noticed a scorpion
  1477 | D:3      | Reached XP level 4. HP: 30/30 MP: 5/8
  1503 | D:3      | Noticed Grinder
  1617 | D:3      | Killed a scorpion
  1618 | D:3      | Reached XP level 5. HP: 32/35 MP: 5/10
  1662 | D:3      | Learned a level 4 spell: Animate Dead
  2320 | D:2      | Reached skill level 6 in Necromancy
  2622 | D:4      | Found Seqimop's Antique Weapon Boutique.
  3262 | D:5      | Entered Level 5 of the Dungeon
  3320 | D:5      | Noticed Blork the orc
  3327 | D:5      | Killed Blork the orc
  3328 | D:5      | Reached XP level 6. HP: 32/41 MP: 3/12
  3558 | D:5      | Reached skill level 7 in Necromancy
  3893 | D:5      | Noticed a water moccasin
  3919 | D:5      | Killed a water moccasin
  3920 | D:5      | Reached skill level 5 in Spellcasting
  3920 | D:5      | Reached XP level 7. HP: 23/46 MP: 6/14
  4512 | D:6      | Found a sparkling altar of Nemelex Xobeh.
  5114 | D:6      | Reached skill level 8 in Necromancy
  5488 | D:6      | Found a runed translucent door.
  5489 | D:6      | Noticed Crazy Yiuf
  5860 | D:7      | Reached XP level 8. HP: 37/52 MP: 11/17
  6056 | D:7      | Found a sand-covered staircase.
  6085 | Ossuary  | Entered an ossuary
  6110 | Ossuary  | Slain by a mummy

Illustrated notes

Levels and vault maps discovered:
D:1:      dpeg_arrival_simpleton_a, layout_loops_ring
D:2:      layout_basic
D:3:      layout_basic, dreamdust_ecumenical_altar_angels_and_demons,
          uniq_grinder
D:4:      layout_gridville, serial_shops, shop_fountains
D:5:      layout_basic, uniq_blork_the_orc
D:6:      layout_basic, mainiacjoe_overflow_paths, minmay_parallelograms,
          minmay_splitting_lines, minmay_misc_feat_roman,
          uniq_crazy_yiuf_cottage
D:7:      layout_layer_cave, minmay_temple_entry_arrows,
          gup_ossuary_entry_pyramid, enter_bailey_3, gammafunk_ghost_necromancy,
          uniq_pikel
Ossuary:  ossuary_the_hunt_dpeg

Skill      XL: |  1  2  3  4  5  6  7 |
---------------+----------------------+-----
Necromancy     | 5 6 7 8 |  8.9
Spellcasting   | 3 4 5 6 |  6.7
Dodging        | |  2.1
Stealth        | |  3.0

Action                   |  1- 3 |  4- 6 |  7- 9 || total
-------------------------+-------+-------+-------++-------
Melee: Dagger            |    13 |       |       ||    13
       Bite              |     1 |     2 |     4 ||     7
       Rapier            |     6 |     3 |       ||     9
       Scimitar          |       |     5 |    40 ||    45
       Great sword       |       |       |     4 ||     4
 Cast: Pain              |    66 |    92 |    52 ||   210
       Vampiric Draining |       |     5 |    12 ||    17
Armor: Robe              |     5 |       |       ||     5
       Leather armour    |     3 |     7 |    30 ||    40
Dodge: Dodged            |    19 |    19 |    63 ||   101

Table legend: (Time is in decaauts)
 A = Elapsed time spent in this place.
 B = Non-inter-level travel time spent in this place.
 C = Inter-level travel time spent in this place.
 D = Time resting spent in this place.
 E = Time spent auto-exploring this place.
 F = Levels seen in this place.
 G = Mean time per level.
                   A        B        C        D        E       F      G
               +--------+--------+--------+--------+--------+-----+--------+
         Total |   6125 |   6008 |    117 |    153 |   4600 |   8 |  765.6 |
       Dungeon |   6096 |   5979 |    117 |    153 |   4600 |   7 |  870.9 |
       Ossuary |     28 |     28 |      0 |      0 |      0 |   1 |   28.0 |
               +--------+--------+--------+--------+--------+-----+--------+

Top non-repeatable levels by time:
     D:6: 1320 daAuts
     D:5: 1205 daAuts
     D:1: 1072 daAuts
     D:2: 1036 daAuts
     D:4: 707 daAuts
     D:3: 443 daAuts
     D:7: 311 daAuts
 Ossuary: 28 daAuts
